 Dungeon Crawl Stone Soup version 0.15.0-13-gb296d5c (console) character file.

58 gw the Skirmisher (level 4, 0/25 HPs)
             Began as a Vine Stalker Berserker on Sept 3, 2014.
             Was a Believer of Trog.
             Succumbed to Sigmund's poison
             ... on Level 2 of the Dungeon.
             The game lasted 00:00:50 (1685 turns).

gw the Skirmisher (Vine Stalker Berserker)          Turns: 1685, Time: 00:00:50

HP   0/25        AC  2     Str 19      XL: 4   Next:  2%
MP   0/5         EV 12     Int  7      God: Trog [**....]
Gold 0           SH  0     Dex 15      Spells:  0 memorised,  3 levels left

rFire  . . .     SeeInvis .     g - +0 dagger
rCold  . . .     Clarity  .     b - +0 animal skin
rNeg   . . .     rCorr    .     (no shield)
rPois  .         rRot     +     (no helmet)
rElec  .         Spirit   +     (no cloak)
SustAb .         Warding  .     (no gloves)
rMut   .         Stasis   .     (no boots)
Gourm  .                        (no amulet)
MR     ++...                    (no ring)
                                (no ring)

@: lethally poisoned, regenerating, very resistant to hostile enchantments, very
unstealthy
A: fangs 2, regeneration 1, magic shield, antimagic bite, no device heal 3, rot
immunity
a: Burn Spellbooks, Berserk, Trog's Hand, Renounce Religion


You were on level 2 of the Dungeon.
You worshipped Trog.
Trog was pleased with you.
You were hungry.

You visited 1 branch of the dungeon, and saw 2 of its levels.

Inventory:

Hand weapons
 g - a +0 dagger (weapon)
Missiles
 d - 26 stones
 i - 5 tomahawks (quivered)
Armour
 b - a +0 animal skin (worn)
Comestibles
 c - 4 bread rations
 f - 2 beef jerkies
 j - 2 meat rations
Scrolls
 a - a scroll of recharging {unknown}
 h - 3 scrolls of identify
Potions
 e - a potion of restore abilities {unknown}


   Skills:
 + Level 3.6 Fighting
 - Level 2.6 Short Blades
 + Level 1.2 Throwing
 - Level 1.5 Armour
 + Level 2.1 Dodging


You had 3 spell levels left.
You didn't know any spells.

Dungeon Overview and Level Annotations

Branches:
Dungeon (2/15)

Altars:
Elyvilon

Annotations:
D:2 Sigmund


Innate Abilities, Weirdness & Mutations

You have extremely sharp teeth.
Your natural rate of healing is unusually fast.
When hurt, damage is shared between your health and your magic reserves.
Your bite disrupts and absorbs the magic of your enemies.
Potions and wands cannot restore your health.
You are immune to rotting.


Message History

You feel sick. The adder closely misses you. The adder bites you.
ATTACKING (0,1)
You hit the adder. Your bite misses the adder.
The adder is severely wounded.
You feel sick. Something hits you.
You are more poisoned.
The adder bites you.
Use which ability? (? or * to list)
Your skin crawls.
You feel resistant to hostile enchantments.
You feel slightly more hungry.
You feel sick. The adder barely misses you. Something completely misses you.
ATTACKING (0,1)
You closely miss the adder. Your bite misses the adder.
The adder is severely wounded.
You feel sick. The adder bites you but does no damage.
ATTACKING (0,1)
You hit the adder but do no damage. Your bite misses the adder.
The adder is severely wounded.
You die...

#...# #...#
#################...#
................>)..#
####.###########....#
###.###### #....#
#........# #....#
#........# #.####
#........### #f#
####........####S####
............##......#
####........##..J...#
#+###+#####......#
###'#### #.# #(# #.#


You could see an ooze and an adder.

Table legend:
 A = Turns spent in this place as a percentage of turns spent in the entire game.
 B = Non-inter-level travel turns spent in this place as a percentage of non-inter-level travel turns spent in the entire game.
 C = Inter-level travel turns spent in this place as a percentage of turns spent in this place.
 D = Turns resting spent in this place as a percentage of non-inter-level travel turns spent in this place.
 E = Turns spent auto-exploring this place as a percentage of non-inter-level travel turns spent in this place.
 F = Non-inter-level travel turns spent in this place divided by the number of levels of this place that you've seen.
                   A       B       C       D       E      F
               +-------+-------+-------+-------+-------+----------------------
         Total | 100.0 | 100.0 |   0.2 |   7.7 |  16.9 | 222.0
       Dungeon | 100.0 | 100.0 |   0.2 |   7.7 |  16.9 | 222.0
               +-------+-------+-------+-------+-------+----------------------

Table legend:
 A = Kills in this place as a percentage of kills in entire the game.
 B = Kills by you in this place as a percentage of kills by you in the entire game.
 C = Kills by friends in this place as a percentage of kills by friends in the entire game.
 D = Other kills in this place as a percentage of other kills in the entire game.
 E = Experience gained in this place as a percentage of experience gained in the entire game.
 F = Experience gained in this place divided by the number of levels of this place that you have seen.
                   A       B       C       D       E      F
               +-------+-------+-------+-------+-------+----------------------
         Total | 100.0 | 100.0 |  -nan |  -nan | 100.0 |  42.0
       Dungeon | 100.0 | 100.0 |  -nan |  -nan | 100.0 |  42.0
               +-------+-------+-------+-------+-------+----------------------

Vanquished Creatures
  An adder (D:2)
  2 worms (D:2)
  A giant gecko (D:1)
  An ooze (D:1)
  3 bats (D:1)
  A giant cockroach (D:1)
  A goblin (D:1)
  6 jackals
  5 kobolds
  7 giant newts
  2 quokkas (D:2)
  3 rats (D:1)
33 creatures vanquished.

Notes
Turn   | Place    | Note
--------------------------------------------------------------
     0 | D:1      | gw, the Vine Stalker Berserker, began the quest for the Orb.
     0 | D:1      | Reached XP level 1. HP: 11/11 MP: 1/1
   218 | D:1      | Reached skill level 3 in Fighting
   218 | D:1      | Reached XP level 2. HP: 14/16 MP: 0/3
   654 | D:1      | Acquired Trog's second power
  1034 | D:2      | Reached XP level 3. HP: 3/20 MP: 0/4
  1187 | D:2      | Reached skill level 1 in Throwing
  1464 | D:2      | Found a white marble altar of Elyvilon.
  1613 | D:2      | Reached XP level 4. HP: 25/25 MP: 5/5
  1667 | D:2      | Noticed Sigmund
  1682 | D:2      | HP: 1/25 [adder (2)]
  1685 | D:2      | Succumbed to Sigmund's poison

Action                   |  1- 3 |  4- 6 || total
-------------------------+-------+-------++-------
Melee: Short sword       |    56 |       ||    56
       Dagger            |    54 |     7 ||    61
Throw: Stone             |    44 |       ||    44
       Tomahawk          |    23 |     2 ||    25
Invok: Berserk           |     2 |       ||     2
       Trog's Hand       |     1 |     2 ||     3
  Use: Scroll            |     3 |       ||     3
 Stab: Sleeping          |     1 |       ||     1
  Eat: Chunk             |     4 |       ||     4

Vault maps used:
D:1:      lemuel_arrival_river_ford, serial_bayou_lake_a
D:2:      elyvilon_altar_1, uniq_terence, uniq_sigmund
